Map: Pillars of Gold LE

Players

Throwfordays - Winner!

  • Race: Zerg Zerg
  • League: Silver
  • Spawn Location: 1:00

antoniobario

  • Race: Terran Terran
  • League: Silver
  • Spawn Location: 7:00

VOD

Have the link to the VOD?

Description

Time

  • Played on: July 19, 2020, 2:07 a.m.
  • Length: 6:02
Show
View Real Time Build Order
Export as new Build Order

Throwfordays Zerg - Winner!

Build Orders: Hatch First, Zergling Baneling 

Get SALT Encoding   

  12  0:01  Drone  
  13  0:09  Drone  
  14  0:18  Overlord  
  14  0:44  Hatchery  
  14  0:45  Drone  
  15  0:50  Drone  
  15  0:54  Drone  
  16  1:11  Spawning Pool  
  16  1:14  Drone  
  16  1:18  Extractor  
  16  1:19  Drone  
  16  1:23  Drone  
  17  1:32  Overlord  
  17  1:45  Drone  
  18  1:52  Drone  
  19  1:58  Queen  
  19  1:59  Queen  
  23  2:03  Drone  
  24  2:15  Zergling x4  
  26  2:17  Drone  
  27  2:41  Zergling x4  
  31  2:45  Drone x3  
  31  2:51  Metabolic Boost  
  32  2:55  Drone  
  32  2:57  Zergling x2, Baneling Nest  
  33  2:59  Drone  
  34  3:07  Extractor, Drone  
  34  3:14  Drone x2  
  34  3:17  Overlord x2  
  36  3:31  Lair  
  36  3:38  Drone  
  36  3:39  Drone x2  
  39  3:45  Zergling x4  
  39  3:46  Zergling x2  
  39  3:48  Zergling x2  
  43  3:50  Zergling x4  
  43  3:51  Zergling x2  
  43  3:53  Zergling x6  
  49  3:58  Drone  
  49  4:01  Drone  
  51  4:05  Baneling x4  
  51  4:06  Baneling x3  
  51  4:18  Zergling x2  
  51  4:21  Overlord x2  
  51  4:23  Overlord  
  52  4:35  Pneumatized Carapace  
  52  4:42  Drone x2  
  52  4:45  Drone x5  
  59  4:51  Zergling x6  
  62  4:54  Zergling x4  
  62  4:55  Zergling x2  
  62  4:58  Baneling x2  
  62  4:59  Baneling x3  
  65  5:06  Extractor  
  64  5:21  Zergling x12  
  68  5:26  Zergling x10  
Show
View Real Time Build Order
Export as new Build Order

antoniobario Terran 

Build Orders:  

Get SALT Encoding   

  12  0:11  Supply Depot  
  12  0:21  Refinery  
  12  0:23  SCV  
  13  0:56  Barracks  
  13  1:04  SCV  
  14  1:16  SCV  
  15  1:24  Refinery  
  15  1:28  SCV  
  16  1:41  SCV  
  16  1:45  Barracks  
  16  1:47  Barracks Reactor, Barracks  
  17  1:56  SCV  
  18  2:08  SCV  
  19  2:20  Supply Depot  
  19  2:21  SCV  
  20  2:25  Marine  
  20  2:26  Marine  
  22  2:33  SCV  
  23  2:42  Barracks Reactor  
  23  2:46  Barracks Tech Lab  
  23  2:48  Marine  
  23  2:49  Marine  
  25  3:06  Marine  
  26  3:17  Supply Depot  
  26  3:24  SCV  
  27  3:27  Marine x2  
  29  3:36  SCV  
  29  3:41  Supply Depot  
  30  3:45  Marine  
  31  4:06  SCV, Command Center  
  31  4:07  Marine  
  31  4:09  Marine  
  34  4:12  Marine  
  34  4:15  Marine  
  36  4:19  Marine  
  37  4:35  Supply Depot  
  37  4:37  Marine  
  38  4:45  Marine  
  38  4:46  Marine  
  38  4:50  Marine  
  41  4:53  Marine  
  41  4:55  Marine  
  41  4:59  Supply Depot  
  43  5:11  Marine  
  43  5:13  Reaper  
  45  5:14  Marine  
  46  5:28  SCV  
  47  5:40  SCV  
Tags
 
Add a new tag
Caveats
  • Supply blocks, unpowered buildings, or Contaminate may cause inaccurate times.
  • Supply counts are checked every 10 seconds.